 Dungeon Crawl Stone Soup version 0.27-a0-1456-gf5a116941d (webtiles) character file.

Game seed: 12349738386110518846

114 nyamberluvr69 the Poker (level 4, -5/38 HPs)
             Began as a Merfolk Gladiator on July 6, 2021.
             Slain by Sigmund (11 damage)
             ... on level 3 of the Dungeon.
             The game lasted 00:03:11 (2561 turns).

nyamberluvr69 the Poker (Merfolk Gladiator)         Turns: 2561, Time: 00:03:12

Health: -5/38      AC:  4    Str: 14    XL:     4   Next: 97%
Magic:  4/4        EV: 13    Int:  7    God:
Gold:   116        SH:  0    Dex: 16    Spells: 3/3 levels left

rFire    . . .     SeeInvis .   a - +0 trident
rCold    . . .     Faith    .   (no shield)
rNeg     . . .     Spirit   .   b - +0 leather armour
rPois    .         Reflect  .   c - +0 helmet
rElec    .         Harm     .   (no cloak)
rCorr    .         Rampage  .   (no gloves)
Will     .....                  (no boots)
Stlth    +.........             (no amulet)
HPRegen  0.12/turn              (no ring)
MPRegen  0.09/turn              (no ring)

@: very slightly contaminated, invisible
A: (nimble swimmer 2), mertail
a: no special abilities


You were on level 3 of the Dungeon.
You visited 1 branch of the dungeon, and saw 3 of its levels.

You collected 116 gold pieces.

Inventory:

Hand Weapons
 a - a +0 trident (weapon)
Missiles
 d - 2 throwing nets (quivered)
Armour
 b - a +0 leather armour (worn)
 c - a +0 helmet (worn)
 l - a +0 pair of gloves
Scrolls
 f - 3 scrolls of fear {unknown}
 j - a scroll of identify {unknown}
 k - a scroll of noise {unknown}
Potions
 g - a potion of haste {unknown}
 h - 3 potions of curing
 i - a potion of berserk rage {unknown}
 m - a potion of mutation {unknown}


   Skills:
 * Level 4.6 Fighting
 + Level 5.7 Polearms
 - Level 2.0 Throwing
 - Level 4.0 Dodging


You had 3 spell levels left.
You didn't know any spells.
Your spell library contained the following spells:

 Spells                   Type           Power      Damage    Failure   Level
 Call Canine Familiar     Summ           0%         N/A       87%         3
 Portal Projectile        Hex/Tloc       0%         N/A       87%         3
 Leda's Liquefaction      Hex/Erth       0%         N/A       99%         4


Dungeon Overview and Level Annotations

Branches:
Dungeon (3/15)

Altars:

Annotations:
D:3 Sigmund


Innate Abilities, Weirdness & Mutations

((You are quick and stealthy near water. (Stealth+, EV+, Speed+++)))
Your lower body shifts to a powerful aquatic tail in water.


Message History

No target in view!
No target in view!
Sigmund the Dreaded comes into view.
He is wielding a +2 scythe of holy wrath.
Sigmund shouts!
You reach to attack!
You hit Sigmund but do no damage.
Sigmund screams, "I am the angel of ZOT!!!"
Sigmund hits you from afar with a +2 scythe of holy wrath.
You reach to attack!
You hit Sigmund.
Sigmund is lightly wounded.
Sigmund mumbles some strange words.
Sigmund flickers and vanishes!
Deactivating autopickup; reactivate with Ctrl-A.
No target in view!
Reach: a) +0 trident
Press: ? - help, Dir - move target You reach to attack!
You closely miss something. Something hits you!
Throw: 3 throwing nets
Press: ? - help, Q - select action Shift-Dir - straight line You throw a throwing net.
Something hits you!
Unknown command.
Found a scroll labelled FOTIOPRYPUU.
Something hits you.
You open the door. Something hits you.
* * * LOW HITPOINT WARNING * * *
Found a faded altar of an unknown god.
There is an open door here.
It was a potion of curing.
You feel better. Something hits you!
* * * LOW HITPOINT WARNING * * *
It was a potion of invisibility.
You fade into invisibility!
Something barely misses you.
You are very lightly contaminated with residual magic.
You hear some strange, mumbled words.
You hear some strange, mumbled words.
A magic dart appears from out of thin air!
Something hits you.
* * * LOW HITPOINT WARNING * * *
Something hits you!
You die...

..........# +
#.####..#8# .#
#.#####.####.##
..
#....##.#......
.# #..#....#.?...
.#
#....#..#..######
.#
#.#.###..#.#_...#
.# #.#.#
#..#.###'## .#
#.#.# #..#..@{..#
.# #.#.#
#...#.....#
.####.#.#
#...#######
........# #####
#########


There were no monsters in sight!

Vanquished Creatures
  Natasha (D:3)
  A gnoll (D:1)
  2 adders (D:2)
  3 worms (D:2)
  A dart slug (D:1)
  6 endoplasms
  A giant cockroach (D:1)
  2 goblins (D:1)
  2 hobgoblins (D:1)
  6 kobolds
  4 quokkas
  7 ball pythons
  5 bats
  6 frilled lizards
  5 rats (D:1)
52 creatures vanquished.

Notes
Turn   | Place    | Note
-------+----------+-------------------------------------------
     0 | D:1      | nyamberluvr69 the Merfolk Gladiator began the quest for the
                  | Orb.
     0 | D:1      | Reached XP level 1. HP: 16/16 MP: 1/1
   317 | D:1      | Reached XP level 2. HP: 18/23 MP: 2/2
   685 | D:1      | Reached XP level 3. HP: 17/29 MP: 3/3
   695 | D:1      | Reached skill level 5 in Polearms
  1664 | D:2      | Reached XP level 4. HP: 37/37 MP: 4/4
  2442 | D:3      | Noticed Natasha
  2447 | D:3      | Killed Natasha
  2532 | D:3      | Noticed Sigmund
  2554 | D:3      | Found a faded altar of an unknown god.
  2561 | D:3      | Slain by Sigmund

Illustrated notes

Levels and vault maps discovered:
D:1:      dpeg_arrival_arbitrary_a, layout_basic
D:2:      layout_basic
D:3:      layout_loops_ring, shapermc_ecumenical_altar_mp_vishouse,
          corexii_leaking_fountain, kennysheep_generic_room_14, uniq_grinder,
          uniq_natasha, uniq_sigmund

Skill      XL: |  1  2  3 |
---------------+----------+-----
Fighting       | 3 4 |  4.6
Polearms       | 5 |  5.7
Throwing       | |  2.0
Dodging        | |  4.0

Action                   |  1- 3 |  4- 6 || total
-------------------------+-------+-------++-------
Melee: Trident           |   106 |    62 ||   168
Throw: Throwing net      |       |     1 ||     1
  Use: Potion            |       |     2 ||     2
 Stab: Sleeping          |     5 |     1 ||     6
Armor: Leather armour    |    33 |     8 ||    41
Dodge: Dodged            |    61 |    31 ||    92

Table legend: (Time is in decaauts)
 A = Elapsed time spent in this place.
 B = Non-inter-level travel time spent in this place.
 C = Inter-level travel time spent in this place.
 D = Time resting spent in this place.
 E = Time spent auto-exploring this place.
 F = Levels seen in this place.
 G = Mean time per level.
                   A        B        C        D        E       F      G
               +--------+--------+--------+--------+--------+-----+--------+
         Total |   2568 |   2498 |     70 |    550 |   1582 |   3 |  856.0 |
       Dungeon |   2568 |   2498 |     70 |    550 |   1582 |   3 |  856.0 |
               +--------+--------+--------+--------+--------+-----+--------+

Top non-repeatable levels by time:
     D:1: 1404 daAuts
     D:2: 939 daAuts
     D:3: 225 daAuts
